 Dungeon Crawl Stone Soup version 0.17-a0-1996-gd2c0ec8 (webtiles) character file.

45 tp1 the Skirmisher (level 3, 0/34 HPs)
             Began as a Gargoyle Berserker on Oct 7, 2015.
             Was a Believer of Trog.
             Killed from afar by Sigmund (4 damage)
             ... with a wand of frost
             ... on level 2 of the Dungeon.
             The game lasted 00:04:23 (1126 turns).

tp1 the Skirmisher (Gargoyle Berserker)             Turns: 1126, Time: 00:04:23

Health: 0/34       AC:  9    Str: 26    XL:     3   Next: 64%
Magic:  3/3        EV: 11    Int:  7    God:    Trog [**....]
Gold:   71         SH:  0    Dex:  9    Spells: 0 memorised, 2 levels left

rFire  . . .     SeeInvis .     a - +0 hand axe
rCold  . . .     Clarity  .     e - +0 ring mail
rNeg   + . .     SustAt   .     (no shield)
rPois  ∞         Gourm    .     (no helmet)
rElec  +         Spirit   .     (no cloak)
rCorr  .         Warding  .     (no gloves)
rMut   .         Stasis   .     l - +0 pair of boots
MR     ++...                    (no amulet)
Stlth  ..........               (no ring)
                                (no ring)

@: berserking (expiring), regenerating, very quick, very resistant to hostile
enchantments, extremely unstealthy
A: negative energy resistance 1, electricity resistance, unbreathing,
petrification resistance, rot immunity, AC +3
a: Burn Spellbooks, Berserk, Trog's Hand, Renounce Religion


You were on level 2 of the Dungeon.
You worshipped Trog.
Trog was pleased with you.
You were not hungry.

You visited 1 branch of the dungeon, and saw 2 of its levels.

You collected 71 gold pieces.

Inventory:

Hand Weapons
 a - a +0 hand axe (weapon)
Armour
 b - a +0 animal skin
 e - a +0 ring mail (worn)
 l - a +0 pair of boots (worn)
Scrolls
 h - 2 scrolls of identify {unknown}
 i - a scroll of fear {unknown}
 j - a scroll of immolation {unknown}
 m - a scroll of remove curse {unknown}
Potions
 d - a potion of curing {unknown}
 g - a potion of ambrosia {unknown}
 k - a potion of degeneration {unknown}
Comestibles
 c - a bread ration


   Skills:
 - Level 3.6 Fighting
 + Level 3.3 Axes
 - Level 2.1 Armour
 + Level 2.3 Dodging


You had 2 spell levels left.
You didn't know any spells.

Dungeon Overview and Level Annotations

Branches:
Dungeon (2/15)

Altars:

Annotations:
D:2 Sigmund


Innate Abilities, Weirdness & Mutations

You are resistant to torment.
Your stone body is resilient (AC +3).
You are immune to poison.
You resist negative energy.
You are resistant to electric shocks.
You can survive without breathing.
You are immune to petrification.
You are immune to rotting.


Message History

You feel slightly more hungry.
Use which ability?
A red film seems to cover your vision as you go berserk!
You feel yourself moving faster!
You feel mighty!
You feel quite a bit more hungry.
Sigmund zaps a wand.
The puff of frost hits you!
* * * LOW HITPOINT WARNING * * *
You feel a strong urge to attack something.
Sigmund zaps a wand.
The puff of frost hits you!
* * * LOW HITPOINT WARNING * * *
You slash Sigmund!
Sigmund is moderately wounded.
Sigmund hits you with a scythe.
* * * LOW HITPOINT WARNING * * *
You hit Sigmund.
Sigmund is moderately wounded.
You hit Sigmund.
Sigmund is heavily wounded.
Sigmund zaps a wand.
The puff of frost hits you!
You die...

#. # # #. # ##. #. # #
...###.## #...+
.........#
#.#.#..........#
#.#.#..........#
#.#.#.#.#......#########.
.....<.........@@........
...............##########
#.....#.#.###..########
.....##...............#
.....######.#...#####.#
.................####.#
.......................
........###.#.#..####..
#######.# #.#.##.#


You could see Sigmund.

Vanquished Creatures
  An adder (D:2)
  An ooze (D:1)
  3 giant geckos (D:1)
  3 bats
  4 goblins
  A hobgoblin (D:2)
  8 kobolds
  3 giant cockroaches (D:1)
  4 giant newts
  5 rats
33 creatures vanquished.

Notes
Turn   | Place    | Note
--------------------------------------------------------------
     0 | D:1      | tp1 the Gargoyle Berserker began the quest for the Orb.
     0 | D:1      | Reached XP level 1. HP: 14/14 MP: 1/1
   191 | D:1      | Reached XP level 2. HP: 19/19 MP: 2/2
   512 | D:1      | Acquired Trog's second power
   531 | D:1      | Reached XP level 3. HP: 19/23 MP: 3/3
  1111 | D:2      | Noticed Sigmund
  1126 | D:2      | Killed from afar by Sigmund

Vault maps used:
D:1:      minmay_arrival_hallway, grunt_decor_fettered
D:2:      gammafunk_temple_overflow_pools, uniq_sigmund

Action                   || total
-------------------------++-------
Melee: Hand axe          ||   110
Invok: Berserk           ||     1
       Trog's Hand       ||     1
  Eat: Chunk             ||     1
